 Dungeon Crawl Stone Soup version 0.21.1-1-g345015f (webtiles) character file.

438 Shevrar the Ducker (level 7, -1/36 HPs)
             Began as a Kobold Enchanter on May 9, 2018.
             Was an Initiate of Yredelemnul.
             Slain by equalderp2856's ghost (15 damage)
             ... on level 4 of the Dungeon.
             The game lasted 00:30:44 (6669 turns).

Shevrar the Ducker (Kobold Enchanter)               Turns: 6669, Time: 00:30:45

Health: -1/36      AC:  3    Str:  8    XL:     7   Next: 22%
Magic:  8/12       EV: 17    Int: 16    God:    Yredelemnul [......]
Gold:   115        SH:  0    Dex: 15    Spells: 5/13 levels left

rFire    . . .     SeeInvis .   a - +2 dagger
rCold    . . .     Gourm    .   (shield restricted)
rNeg     + . .     Faith    .   s - +1 robe {rN+}
rPois    .         Spirit   .   (no helmet)
rElec    .         Reflect  .   (no cloak)
rCorr    .         Harm     .   (no gloves)
MR       .....                  (no boots)
Stlth    +++.......             (no amulet)
HPRegen  0.12/turn              (no ring)
MPRegen  0.13/turn              (no ring)

@: no status effects
A: small, carnivore
a: Renounce Religion


You were on level 4 of the Dungeon.
You worshipped Yredelemnul.
Yredelemnul was noncommittal.
You were not hungry.

You visited 1 branch of the dungeon, and saw 5 of its levels.

You collected 115 gold pieces.

Inventory:

Hand Weapons
 a - a +2 dagger (weapon)
 b - a +0 hunting sling
Missiles
 q - 34 stones
 r - 7 tomahawks (quivered)
Armour
 s - a +1 robe of positive energy (worn)
Jewellery
 i - an uncursed amulet of rage {unknown}
 p - a +5 amulet of reflection {unknown}
Scrolls
 h - a scroll of enchant weapon
 k - 2 scrolls of identify
 l - 3 scrolls of blinking
Potions
 e - 2 potions of haste
 f - 2 potions of curing {unknown}
 g - a potion of lignification
 m - a potion of mutation {unknown}
 n - 2 potions of cancellation
 t - a potion of ambrosia {unknown}
Books
 c - a book of Maledictions

   Spells                             Type                      Level
   a - Corona                         Hexes                        1
   b - Ensorcelled Hibernation        Hexes/Ice                    2
   c - Confuse                        Hexes                        3
   d - Tukima's Dance                 Hexes                        3
   e - Dazzling Spray                 Conjuration/Hexes            3
 j - a book of Minor Magic

   Spells                             Type                      Level
   a - Magic Dart                     Conjuration                  1
   b - Blink                          Translocation                2
   c - Call Imp                       Summoning                    2
   d - Slow                           Hexes                        2
   e - Conjure Flame                  Conjuration/Fire             3
   f - Mephitic Cloud                 Conjuration/Poison/Air       3
 o - a book of Misfortune

   Spells                             Type                      Level
   a - Confusing Touch                Hexes                        1
   b - Confuse                        Hexes                        3
   c - Gell's Gravitas                Translocation                3
   d - Petrify                        Transmutation/Earth          4
   e - Metabolic Englaciation         Hexes/Ice                    5
   f - Yara's Violent Unravelling     Hexes/Transmutation          5
Comestibles
 d - 7 rations


   Skills:
 + Level 4.3 Short Blades
 + Level 4.5 Dodging
 - Level 4.0 Stealth
 + Level 3.8 Spellcasting
 - Level 3.7 Hexes
 * Level 3.2 Ice Magic


You had 5 spell levels left.
You knew the following spells:

 Your Spells              Type           Power        Failure   Level  Hunger
a - Corona                Hex            ##.....      3%          1    None
b - Ensorcelled Hibernat  Hex/Ice        ##....       6%          2    ##.....
c - Tukima's Dance        Hex            ##......     11%         3    ###....
d - Slow                  Hex            ##......     5%          2    ##.....


Dungeon Overview and Level Annotations

Branches:
Dungeon (5/15)
 Temple: D:4-7

Altars:
Hepliaklqana
Yredelemnul

Annotations:
D:4 equalderp2856's ghost, amateur MiFi


Innate Abilities, Weirdness & Mutations

You are small and have problems with some larger weapons.
You are carnivorous and can eat meat at any time.


Message History

Aim: equalderp2856's ghost (lightly damaged, chance to defeat MR: 33%) Equalderp2856's ghost resists with some effort.
Equalderp2856's ghost barely misses you.
Casting: Corona
Confirm with . or Enter, or press ? or * to list all spells.
Aiming: Corona
Press: ? - help, Shift-Dir - straight line, f/p - equalderp2856's ghost
Aim: equalderp2856's ghost (lightly damaged, chance to defeat MR: 33%) Equalderp2856's ghost resists with some effort.
Equalderp2856's ghost completely misses you.
Casting: Corona
Confirm with . or Enter, or press ? or * to list all spells.
Aiming: Slow
Press: ? - help, Shift-Dir - straight line, f/p - equalderp2856's ghost
Aim: equalderp2856's ghost (lightly damaged, chance to defeat MR: 33%) Equalderp2856's ghost easily resists.
Equalderp2856's ghost hits you!
There is a stone staircase leading up here.
Equalderp2856's ghost hits you!
You die...
Your body rises from the dead as a mindless zombie.

............# ##(W.(....#
...#...###..#######.###...##
...##............##.# ###.#
...##.####..###..##.# #.#
...##.####..###..##.# #.#
...##......(.....##.# #.#
.####..#####..##.##.# #.#
.......# #..##W##.# #.#
.......# #..##@##.# #.#
.####..# #..##.##.# #.# .#
#..#####..##.##.#####.#
.####.....................#
..............##.###.######
#########.######.# #.# #.#
#.# #.# #.# #.# #.# #.#
#.###.##


You could see equalderp2856's ghost.

Vanquished Creatures
  A bullfrog (D:3)
  2 hounds
  An iguana (D:1)
  3 orc wizards (D:4)
  A worker ant (D:4)
  8 adders
  2 oozes
  An adder skeleton (D:4)
  2 worms
  A dart slug (D:4)
  3 leopard geckos
  7 orcs
  2 giant cockroaches (D:3)
  8 goblins
  4 hobgoblins
  8 jackals
  6 kobolds
  4 quokkas
  2 ball pythons
  7 bats
  3 frilled lizards
  11 rats
87 creatures vanquished.

Vanquished Creatures (others)
  5 toadstools (D:1)
5 creatures vanquished.

Grand Total: 92 creatures vanquished

Notes
Turn   | Place    | Note
-------+----------+-------------------------------------------
     0 | D:1      | Shevrar the Kobold Enchanter began the quest for the Orb.
     0 | D:1      | Reached XP level 1. HP: 10/10 MP: 3/3
   683 | D:1      | Reached XP level 2. HP: 3/15 MP: 3/5
  1427 | D:2      | Learned a level 2 spell: Ensorcelled Hibernation
  1430 | D:2      | Reached XP level 3. HP: 16/19 MP: 4/6
  2290 | D:2      | Reached XP level 4. HP: 20/24 MP: 4/8
  2908 | D:2      | Reached XP level 5. HP: 20/28 MP: 4/9
  3145 | D:3      | Reached skill level 1 in Ice Magic
  3677 | D:3      | Learned a level 3 spell: Tukima's Dance
  3712 | D:4      | Noticed a bullfrog
  3899 | D:4      | Reached XP level 6. HP: 21/32 MP: 7/10
  4058 | D:4      | Noticed equalderp2856's ghost (amateur MiFi)
  5405 | D:4      | Reached XP level 7. HP: 36/36 MP: 3/12
  5455 | D:4      | Learned a level 2 spell: Slow
  5553 | D:4      | Found a hazy altar of Hepliaklqana.
  5691 | D:4      | Found a basalt altar of Yredelemnul.
  5699 | D:4      | Became a worshipper of Yredelemnul the Dark
  5924 | D:5      | Entered Level 5 of the Dungeon
  6669 | D:4      | Slain by equalderp2856's ghost

Skill      XL: |  1  2  3  4  5  6  7 |
---------------+----------------------+-----
Short Blades   | 2 3 4 |  4.3
Dodging        | 3 4 |  4.5
Spellcasting   | 3 |  3.8
Ice Magic      | 1 2 3 |  3.2
Stealth        | |  4.0
Hexes          | |  3.7

Action                   |  1- 3 |  4- 6 |  7- 9 || total
-------------------------+-------+-------+-------++-------
Melee: Dagger            |   194 |   205 |    24 ||   423
 Fire: Hunting sling     |     2 |    30 |     2 ||    34
Throw: Tomahawk          |       |     4 |       ||     4
 Cast: Corona            |    32 |    33 |     8 ||    73
       Ensorcelled Hiber |     1 |    22 |     8 ||    31
       Slow              |       |       |     4 ||     4
  Use: Potion            |     1 |       |       ||     1
       Scroll            |       |     9 |       ||     9
 Stab: Sleeping          |     5 |    16 |     3 ||    24
  Eat: Chunk             |    13 |     8 |     2 ||    23
Armor: Robe              |    21 |    32 |     4 ||    57
       Skin              |    35 |       |       ||    35
Dodge: Dodged            |   127 |   198 |    17 ||   342
